 Dungeon Crawl Stone Soup version 0.20-a0-736-gd3249da (webtiles) character file.

17909 M4edhros the Blocker (level 12, -16/90 HPs)
             Began as an Octopode Artificer on Feb 22, 2017.
             Was an Initiate of Gozag.
             Demolished by a large slime creature (32 damage)
             ... on level 12 of the Dungeon.
             The game lasted 00:25:53 (23408 turns).

M4edhros the Blocker (Octopode Artificer)          Turns: 23408, Time: 00:25:54

Health: -16/90     AC:  6    Str: 16    XL:     12   Next: 52%
Magic:  0/18       EV: 19    Int: 14    God:    Gozag
Gold:   2854       SH: 12    Dex: 21    Spells: 11/11 levels left

rFire    + + +     SeeInvis .   t - +9 hunting sling (chaos)
rCold    . . .     Gourm    .   D - +0 shield
rNeg     + . .     Faith    .   O - +2 hat
rPois    .         Spirit   .   X - amulet of the Tuna {RegenMP rF+ MR+ Str+4 Dex+3}
rElec    .         Reflect  .   v - +3 ring of protection
rCorr    .         Harm     .   m - ring of protection from fire
MR       +....                  V - ring of positive energy
Stlth    +++++.....             (no ring)
Regen    0.3/turn               (no ring)
MPRegen  0.3/turn               (no ring)
                                (no ring)
                                (no ring)

@: about to teleport, gold aura
A: almost no armour, stealthy swim, amphibious, 8 rings, constrict 8, camouflage
1, agile 1, blurry vision 1, fire resistance 1, mutation resistance 2, sense
surroundings 1, robust 1, screaming 1, gelatinous body 1, MP-powered wands
a: Potion Petition, Call Merchant, Bribe Branch, Renounce Religion


You were on level 12 of the Dungeon.
You worshipped Gozag.
Gozag was most pleased with you.
You were hungry.

You visited 2 branches of the dungeon, and saw 13 of its levels.
You also visited: Bailey.

You collected 3057 gold pieces.
You spent 155 gold pieces at shops.
You paid 48 gold pieces to Gozag.

Inventory:

Hand Weapons
 a - a +0 short sword
 f - the +6 falchion of Insufficient Pleasure {chaos, +Blink rPois rC++ Str-2}
   (Xom gifted it to you in the Ecumenical Temple)

   Each time it hits an enemy it has a different, random effect.
   It affects your strength (-2).
   It greatly protects you from cold.
   It protects you from poison.
   It lets you blink.
 t - a +9 hunting sling of chaos (weapon)
 w - a +0 scythe of protection
Missiles
 n - 418 stones (quivered)
 B - 3 curare-tipped needles
 G - 26 sling bullets
 J - 54 tomahawks of returning
Armour
 D - a +0 shield (worn)
 K - the +5 robe of Night {Dark MR+ SInv}
   (You took it off an orc in a bailey)

   It affects your resistance to hostile enchantments.
   It lets you see invisible.
 O - a +2 hat (worn)
 R - the +0 buckler "Lacuy" {MR+}
   (You found it on level 8 of the Dungeon)

   It affects your resistance to hostile enchantments.
Jewellery
 m - a ring of protection from fire (right tentacle)
 v - a +3 ring of protection (left tentacle)
 y - an uncursed ring of ice
 V - a ring of positive energy (on tentacle)
 X - the amulet of the Tuna (around mantle) {RegenMP rF+ MR+ Str+4 Dex+3}
   (You found it on level 10 of the Dungeon)

   [amulet of magic regeneration]

   It increases your magic regeneration.
   It affects your strength (+4).
   It affects your dexterity (+3).
   It protects you from fire.
   It affects your resistance to hostile enchantments.
Wands
 b - a wand of flame (8/48)
 c - a wand of enslavement (11/24)
 d - a wand of random effects (14/48)
 l - a wand of paralysis (0/24)
 F - a wand of acid (0/15)
 I - a wand of flame (32/48)
 N - a wand of random effects (29/48)
 Q - a wand of disintegration (7/24)
 S - a wand of digging (14/24)
 W - a wand of flame (33/48)
Scrolls
 e - 2 scrolls of blinking
 g - 6 scrolls of remove curse
 j - 5 scrolls of magic mapping
 s - 9 scrolls of teleportation
 C - 2 scrolls of enchant weapon
 H - a scroll of amnesia
 L - 3 scrolls of vulnerability
Potions
 h - a potion of ambrosia {unknown}
 i - a potion of curing
 k - 2 potions of magic
 o - a potion of might {unknown}
 p - a potion of berserk rage {unknown}
 q - a potion of mutation {unknown}
 r - 2 potions of invisibility
 x - 4 potions of lignification
 z - 4 potions of heal wounds
 M - 2 potions of haste
 P - a potion of resistance
 U - a potion of flight
Books
 Z - a book of Maledictions

   Spells                             Type                      Level
   a - Corona                         Hexes                        1
   b - Ensorcelled Hibernation        Hexes/Ice                    2
   c - Confuse                        Hexes                        3
   d - Tukima's Dance                 Hexes                        3
   e - Dazzling Spray                 Conjuration/Hexes            3
Comestibles
 u - 6 fruits
 A - 6 meat rations
 E - 5 bread rations


   Skills:
 + Level 8.0 Fighting
 - Level 1.0 Short Blades
 + Level 9.2 Slings
 + Level 7.9 Dodging
 - Level 9.0 Stealth
 * Level 10.6 Shields
 + Level 9.1 Evocations


You had 11 spell levels left.
You didn't know any spells.

Dungeon Overview and Level Annotations

Branches:
Dungeon (12/15)            Temple (1/1) D:4            Lair (0/6) D:9
    Orc (0/2) D:11

Altars:
Ashenzari
Cheibriados
Dithmenos
Elyvilon
Fedhas
Gozag
Hepliaklqana
Kikubaaqudgha
Makhleb
Nemelex Xobeh
Okawaru
Qazlal
Ru
Sif Muna
Trog
Uskayaw
Vehumet
Wu Jian
Xom
Yredelemnul
Zin
The Shining One
Lugonu

Shops:
D:9 *%

Annotations:
D:8 exclusions: door and upstairs, Execuda's ghost, novice DsBe


Innate Abilities, Weirdness & Mutations

You cannot wear most types of armour.
You are very stealthy in the water. (Stealth+)
You are amphibious.
You can wear up to eight rings at the same time.
You can use your tentacles to constrict eight enemies at once.
Your skin changes colour to match your surroundings (Stealth+).
Your rubbery body absorbs attacks. (AC +1, EV +1)
You are agile. (Dex +2)
Scrolls take you a little longer to read.
Your flesh is heat resistant. (rF+)
You are somewhat resistant to both further mutation and mutation removal.
You passively map a small area around you.
You are robust. (+10% HP)
You occasionally shout uncontrollably at your foes.
You expend magic power (3 MP) to strengthen your wands.


Message History

Evoke which item? (* to show all) (? for menu, Esc to quit)
Aiming: Disintegrate
Press: ? - help, Shift-Dir - straight line, f/p - large slime creature
Aim: a large slime creature (chance to defeat MR: 84%) Nothing appears to happen.
This wand has 7 charges left.
You block something's attack. Something completely misses you.
Evoke which item? (* to show all) (? for menu, Esc to quit)
You don't have enough magic at the moment.
Unknown command.
Really read with blurry vision while enemies are nearby?
Something hits you!!
You begin reading the scroll.
You continue reading the scroll.
Something hits you!
* * * LOW HITPOINT WARNING * * *
As you read the scroll of teleportation, it crumbles to dust.
You feel strangely unstable.
Unknown command.
The bloodstain on the floor disappears!
Something hits you!!
You die...
Your body crumbles into a pile of gold.

*, , ... .... * * #.# .... ,
,, * #.# ..., , , #.##.. ,**,,
#.#.. ** , * #.#.#### *
.####+##############.#.##..
>..(....J.@................
*##.####.#.##############.##.#
.......(..# #...)##.# <
.......(###** #....##.#
#.#.....(, * #....##.#
...##.....,, , #....##.. , ##
#.....(, , ####.#### #......(
, #.# #.......( #.#


You could see a large slime creature.

Vanquished Creatures
  2 hydras
  A centaur warrior (D:10)
  5 two-headed ogres
  An unseen horror (D:10)
  A death drake (D:9)
  An ugly thing (D:11)
  2 centaur zombies
  10 orc warriors
  2 trolls
  2 hippogriffs
  Sigmund (D:3)
  A redback (shapeshifter) (D:12)
  A wyvern (D:11)
  A wraith (D:10)
  Grum (D:9)
  10 yaks
  4 hungry ghosts
  A water moccasin (D:7)
  3 ice beasts
  2 sky beasts
  2 hornet zombies (D:10)
  4 phantoms
  4 wolves (D:9)
  An eye of draining (D:12)
  9 ogres
  2 centaurs
  4 bullfrogs
  5 scorpions
  4 killer bees
  15 wights
  6 howler monkeys
  9 crimson imps
  4 bullfrog zombies
  9 orc priests
  3 jellies
  4 bullfrog skeletons
  4 centaur skeletons
  4 hounds
  3 iguanas
  14 orc wizards
  2 worker ants
  A hound zombie (D:7)
  The ghost of M4edhros the Charlatan, a weakling OpAr (D:3)
  A howler monkey skeleton (D:4)
  A howler monkey zombie (D:6)
  A worker ant zombie (D:7)
  3 gnolls
  16 adders
  A river rat (D:5)
  A shadow imp (D:6)
  3 oozes
  An adder skeleton (D:6)
  4 worms
  A worm (shapeshifter) (D:8)
  6 dart slugs
  4 leopard geckos
  52 orcs
  5 giant cockroaches
  17 goblins
  10 hobgoblins
  8 jackals
  27 kobolds
  4 quokkas
  3 ball pythons
  6 bats
  3 frilled lizards
  5 rats
349 creatures vanquished.

Vanquished Creatures (collateral kills)
  2 orc warriors (Bailey)
  A gnoll (Bailey)
  An orc (Bailey)
  A hobgoblin (Bailey)
5 creatures vanquished.

Vanquished Creatures (others)
  An orc knight (Bailey)
1 creature vanquished.

Grand Total: 355 creatures vanquished

Notes
Turn   | Place    | Note
-------+----------+-------------------------------------------
     0 | D:1      | M4edhros the Octopode Artificer began the quest for the Orb.
     0 | D:1      | Reached XP level 1. HP: 13/13 MP: 3/3
     0 | D:1      | Noticed a large abomination
     0 | D:1      | Noticed an ice dragon
     1 | D:1      | Noticed a black draconian
     8 | D:1      | Noticed a black draconian
     9 | D:1      | Noticed an orb of fire
    11 | D:1      | Noticed a large abomination
    13 | D:1      | Noticed a tentacled monstrosity
    13 | D:1      | Noticed a tentacled monstrosity
    15 | D:1      | Noticed a tentacled monstrosity
    17 | D:1      | Noticed a shadow dragon
    17 | D:1      | Noticed an orb of fire
    17 | D:1      | Noticed a shadow dragon
    19 | D:1      | Noticed an orb of fire
    19 | D:1      | Noticed a yellow draconian
   110 | D:1      | Reached XP level 2. HP: 15/18 MP: 4/4
   400 | D:2      | Reached XP level 3. HP: 14/23 MP: 5/5
   543 | D:2      | Upgraded the game from 0.20-a0-723-gf57855b to 0.20-a0-736-gd3249da
   790 | D:4      | Noticed a phantom
   798 | D:4      | Killed a phantom
   798 | D:4      | Reached XP level 4. HP: 16/28 MP: 6/6
   798 | D:4      | Reached XP level 5. HP: 18/33 MP: 7/7
  1049 | D:4      | Reached skill level 1 in Slings
  1188 | D:4      | Found a staircase to the Ecumenical Temple.
  1210 | Temple   | Entered the Ecumenical Temple
  1324 | Temple   | Became a worshipper of Xom the Begetter of Discontinuities
  1532 | Temple   | XOM: divination: detect creatures
  2397 | Temple   | XOM: mild Tmut miscast
  2743 | Temple   | XOM: god gift: 17 gold pieces
  2756 | Temple   | XOM: scenery: create altars
  2822 | Temple   | XOM is BORED!
  2822 | Temple   | XOM: mild Divn miscast
  2831 | Temple   | XOM: divination: magic mapping
  3038 | Temple   | XOM: god gift: runed leather armour {god gift}
  3720 | Temple   | XOM: cloud trail
  4545 | Temple   | XOM: harmless Summ miscast
  5435 | Temple   | XOM: scenery: create altars
  5940 | Temple   | XOM: god gift: dazzling falchion {god gift}
  5941 | Temple   | Got a dazzling falchion {god gift}
  5942 | Temple   | Identified the +6 falchion of Insufficient Pleasure {chaos, +Blink rPois rC++ Str-2} (Xom gifted it to you in the Ecumenical Temple)
  6105 | Temple   | XOM: give mutations
  6105 | Temple   | Gained mutation: You are somewhat resistant to further mutation. [Xom's grace]
  6105 | Temple   | Gained mutation: You possess an exceptional clarity of mind. [Xom's grace]
  6105 | Temple   | Gained mutation: You are robust. (+10% HP) [Xom's grace]
  6321 | Temple   | XOM: god gift: glowing hunting sling {god gift}
  6446 | Temple   | XOM: give mutation
  6446 | Temple   | Gained mutation: You are somewhat resistant to both further mutation and mutation removal. [Xom's grace]
  6474 | Temple   | XOM is BORED!
  6474 | Temple   | XOM: give mutation
  6474 | Temple   | Gained mutation: You expend magic power (3 MP) to strengthen your wands. [Xom's mischief]
  6613 | Temple   | XOM: give mutations
  6613 | Temple   | Gained mutation: You are agile. (Dex +2) [Xom's grace]
  6613 | Temple   | Gained mutation: Your flesh is cold resistant. (rC+) [Xom's grace]
  6613 | Temple   | Gained mutation: Your flesh is heat resistant. (rF+) [Xom's grace]
  6613 | Temple   | Gained mutation: Your flesh is very cold resistant. (rC++) [Xom's grace]
  7076 | Temple   | XOM: god gift: 22 stones
  7304 | Temple   | XOM: give mutations
  7304 | Temple   | Gained mutation: You are very agile. (Dex +4) [Xom's grace]
  7304 | Temple   | Gained mutation: You passively map a small area around you. [Xom's grace]
  7589 | Temple   | XOM: god gift: dire flail {god gift}
  8406 | Temple   | XOM: 5-stop teleportation journey
  8775 | Temple   | XOM: mild Pois miscast
  9258 | Temple   | XOM: harmless Pois miscast
  9534 | D:4      | Reached XP level 6. HP: 27/41 MP: 8/8
  9594 | D:4      | XOM: enchant monster (good)
  9979 | Temple   | XOM: god gift: scroll labeled GONKEB ENEPS {god gift}
 10389 | D:4      | XOM is BORED!
 10389 | D:4      | XOM: summons 3 hostile shadow creatures
 10449 | D:4      | XOM: cloud trail
 10822 | Temple   | XOM: harmless Fire miscast
 10891 | D:4      | XOM: harmless Tloc miscast
 10920 | D:4      | XOM: harmless Chrm miscast
 10931 | D:3      | Found a shattered altar of Ashenzari.
 10931 | D:3      | Noticed Sigmund
 10939 | D:3      | Killed Sigmund
 10939 | D:3      | Reached XP level 7. HP: 43/47 MP: 9/9
 11319 | Temple   | XOM: mild Ice miscast
 11516 | D:4      | XOM: harmless Tloc miscast
 11635 | Temple   | XOM: mild Chrm miscast
 12287 | D:3      | Found a faded altar of an unknown god.
 12290 | D:3      | Noticed M4edhros's ghost (weakling OpAr)
 12348 | D:3      | Killed M4edhros's ghost
 12478 | D:3      | XOM: stat loss: -1 Str (10/11)
 12584 | D:3      | XOM: give mutation
 12584 | D:3      | Lost mutation: Your flesh is very cold resistant. (rC++) [Xom's mischief]
 12717 | D:3      | Reached skill level 5 in Slings
 12762 | D:3      | XOM: give mutations
 12762 | D:3      | Lost mutation: You possess an exceptional clarity of mind. [Xom's mischief]
 12762 | D:3      | Gained mutation: Scrolls take you a little longer to read. [Xom's mischief]
 12762 | D:3      | Lost mutation: Your flesh is cold resistant. (rC+) [Xom's mischief]
 13160 | D:2      | Found a glowing silver altar of Zin.
 13162 | D:2      | Found a blossoming altar of Fedhas.
 13162 | D:2      | Found an opulent altar of Gozag.
 13162 | D:2      | Found a hide-covered altar of Uskayaw.
 13165 | D:2      | Found a snail-covered altar of Cheibriados.
 13165 | D:2      | Found a sacrificial altar of Ru.
 13166 | D:2      | Found a shadowy altar of Dithmenos.
 13179 | D:2      | Fell from the grace of Xom
 13179 | D:2      | Became a worshipper of Gozag Ym Sagoz the Greedy
 13824 | D:2      | Found an iron altar of Okawaru.
 14450 | D:5      | Entered Level 5 of the Dungeon
 14456 | D:5      | Reached XP level 8. HP: 55/55 MP: 10/10
 14541 | D:5      | Found a stormy altar of Qazlal.
 14699 | D:5      | XOM: summons 8 hostile demons
 14847 | D:5      | Reached skill level 1 in Shields
 14924 | D:5      | Noticed a troll
 14936 | D:5      | Killed a troll
 14936 | D:5      | Reached skill level 2 in Shields
 15552 | D:6      | Reached skill level 3 in Shields
 15578 | D:6      | XOM: 1-stop teleportation journey
 15751 | D:6      | Found a snail-covered altar of Cheibriados.
 15819 | D:6      | Reached XP level 9. HP: 62/62 MP: 12/12
 16517 | D:7      | Reached skill level 4 in Shields
 16546 | D:7      | Found a flagged portal.
 16618 | Bailey   | Entered a bailey
 16641 | Bailey   | Noticed an orc knight
 17152 | Bailey   | XOM: 2-stop teleportation journey
 17220 | Bailey   | XOM: scenery: 2 doors close
 17287 | D:7      | Reached skill level 5 in Shields
 17287 | D:7      | Reached skill level 5 in Evocations
 17330 | D:7      | XOM: summons 13 hostile demons
 17331 | D:7      | Noticed a hellwing
 17331 | D:7      | Noticed an orange demon
 17493 | D:7      | Found a bloodstained altar of Trog.
 17541 | D:7      | XOM: mild Pois miscast
 17631 | D:7      | Found a glowing golden altar of the Shining One.
 17781 | D:7      | Reached skill level 5 in Dodging
 17885 | D:8      | Reached skill level 6 in Shields
 17885 | D:8      | Reached XP level 10. HP: 71/71 MP: 14/14
 17913 | D:8      | Reached skill level 5 in Fighting
 17952 | D:8      | Noticed Execuda's ghost (novice DsBe)
 18338 | D:8      | Got a faintly humming buckler
 18349 | D:8      | Identified the cursed +0 buckler "Lacuy" {MR+} (You found it on level 8 of the Dungeon)
 18365 | D:8      | Noticed a two-headed ogre
 18680 | D:8      | Killed a two-headed ogre
 19039 | D:9      | Noticed a two-headed ogre
 19047 | D:9      | Noticed a death drake
 19047 | D:9      | a two-headed ogre changed into a death drake
 19242 | D:9      | Killed a death drake
 19242 | D:9      | Reached skill level 7 in Shields
 19283 | D:9      | Noticed Grum
 19297 | D:9      | Killed Grum
 19383 | D:9      | Found a staircase to the Lair.
 19427 | D:9      | Found Peggisas's Food Emporium.
 19443 | D:9      | XOM: medium Air miscast
 19718 | D:9      | XOM: 7-stop teleportation journey
 19802 | D:9      | Found Feetutaa's Assorted Antiques.
 19806 | D:9      | Bought a large diamond ring for 155 gold pieces
 19971 | D:9      | Found a sparkling altar of Nemelex Xobeh.
 20131 | D:9      | Reached XP level 11. HP: 79/79 MP: 16/16
 20277 | D:10     | Entered Level 10 of the Dungeon
 20302 | D:10     | Reached skill level 8 in Shields
 20329 | D:10     | Noticed a two-headed ogre
 20335 | D:10     | Killed a two-headed ogre
 20433 | D:10     | Got a wavering platinum amulet
 20565 | D:10     | XOM: noise
 20781 | D:10     | XOM: severe Fire miscast
 20832 | D:10     | XOM: god gift: 15 arrows
 20928 | D:10     | Noticed a two-headed ogre
 20934 | D:10     | Noticed a two-headed ogre
 20936 | D:10     | Killed a two-headed ogre
 20944 | D:10     | Reached skill level 9 in Shields
 20973 | D:10     | Killed a two-headed ogre
 21245 | D:10     | Noticed a two-headed ogre
 21252 | D:10     | Killed a two-headed ogre
 21413 | D:10     | Killed an unseen horror
 21492 | D:10     | Noticed a centaur warrior
 21502 | D:10     | Killed a centaur warrior
 21502 | D:10     | Reached XP level 12. HP: 55/89 MP: 12/18
 21729 | D:11     | XOM: noise
 21729 | D:11     | Noticed an eight-headed hydra
 21729 | D:11     | Noticed a two-headed ogre
 21756 | D:10     | Killed an eight-headed hydra
 22033 | D:11     | Reached skill level 10 in Shields
 22034 | D:11     | Found a staircase to the Orcish Mines.
 22140 | D:11     | Identified the amulet of the Tuna {RegenMP rF+ MR+ Str+4 Dex+3} (You found it on level 10 of the Dungeon)
 22292 | D:11     | Noticed a five-headed hydra
 22350 | D:11     | XOM: confusion
 22485 | D:11     | XOM: noise
 22762 | D:11     | XOM: give mutations
 22762 | D:11     | Gained mutation: You occasionally shout uncontrollably at your foes. [Xom's mischief]
 22762 | D:11     | Lost mutation: You are very agile. (Dex +4) [Xom's mischief]
 23116 | D:11     | Killed a five-headed hydra
 23302 | D:12     | Noticed Fannar
 23310 | D:12     | Fannar changed into Fannar the cyclops
 23408 | D:12     | Demolished by a large slime creature

Vault maps used:
D:1:      shiori_arrival_whats_in_store_for_you
D:2:      grunt_temple_overflow_open, old_standard_altar
D:3:      old_standard_altar, first_bread, chequers_ecumenical_altar_island,
          minmay_goblin_outpost, uniq_sigmund
D:4:      temple_fountains
D:5:      grunt_qazlal_sundering, gup_sewer_entry_spiral
D:6:      hangedman_abyss_or_decor_passed, kennysheep_slug_shrine
D:7:      tso_oasis_becter, bloody_trog, enter_bailey_7, grunt_ogre_cave
D:9:      nemelex_altar_shiori, lair_entry_dummy, serial_shops, shop, shop,
          uniq_grum
D:10:     minmay_joined_circles
D:11:     orc_david_3
D:12:     corexii_hall_statues_l, uniq_fannar
Temple:   kb_corrupted_temple
Bailey:   bailey_axe_1, bailey

Skill      XL: |  1  2  3  4  5  6  7  8  9 10 11 12 |
---------------+-------------------------------------+-----
Stealth        | 3 4 6 7 8 9 |  9.0
Slings         | 2 4 5 6 7 8 9 |  9.2
Fighting       | 3 4 6 7 8 |  8.0
Shields        | 3 6 7 9 10 | 10.6
Dodging        | 3 5 6 7 |  7.9
Evocations     | 4 5 7 8 9 |  9.1
Short Blades   | |  1.0

Action                   |  1- 3 |  4- 6 |  7- 9 | 10-12 || total
-------------------------+-------+-------+-------+-------++-------
Melee: Short sword       |    42 |    12 |     1 |       ||    55
       Constrict         |     9 |     3 |     3 |     1 ||    16
       Tentacles         |     4 |     1 |     8 |     2 ||    15
       Hunting sling     |       |     1 |     7 |       ||     8
       Falchion          |       |       |    10 |     4 ||    14
 Fire: Hunting sling     |       |    59 |   378 |   643 ||  1080
Invok: Potion Petition   |       |       |     1 |       ||     1
 Abil: Evoke Blink       |       |       |     1 |       ||     1
Evoke: Wand              |     6 |     3 |     4 |    17 ||    30
  Use: Scroll            |       |     2 |     6 |    18 ||    26
       Potion            |       |     1 |       |     3 ||     4
 Stab: Sleeping          |    10 |     5 |     2 |       ||    17
       Distracted        |       |       |     1 |       ||     1
  Eat: Meat ration       |       |     3 |     1 |       ||     4
       Bread ration      |       |     2 |     1 |     4 ||     7
       Chunk             |       |     5 |     9 |       ||    14
       Royal jelly       |       |       |     1 |     1 ||     2
Armor: Skin              |     2 |       |    26 |    18 ||    46
Dodge: Dodged            |    31 |    25 |    61 |    72 ||   189
Block: Shield            |       |       |    22 |    79 ||   101
       Rpst.: Falchion   |       |       |     1 |       ||     1
